 Dungeon Crawl Stone Soup version 0.24-a0-520-g8fd06ad (webtiles) character file.

Game seed: 11768505187806158889

135 Spazmo the Grave Robber (level 4, -3/24 HPs)
             Began as a Deep Elf Necromancer on July 23, 2019.
             Slain by a gnoll (4 damage)
             ... on level 2 of the Dungeon on July 24, 2019.
             The game lasted 00:06:21 (1809 turns).

Spazmo the Grave Robber (Deep Elf Necromancer)      Turns: 1809, Time: 00:06:22

Health: -3/24      AC:  3    Str:  2 (5)  XL:     4   Next: 96%
Magic:  1/13       EV: 13    Int: 18 (21) God:
Gold:   106        SH:  0    Dex: 13 (15) Spells: 1/13 levels left

rFire    + + .     SeeInvis .   k - -2 dagger (curse)
rCold    . . .     Gourm    .   (no shield)
rNeg     . . .     Faith    .   a - +1 robe
rPois    .         Spirit   .   (no helmet)
rElec    .         Reflect  .   (no cloak)
rCorr    .         Harm     .   (no gloves)
MR       .....                  (no boots)
Stlth    ++........             (no amulet)
HPRegen  0.08/turn              (no ring)
MPRegen  0.13/turn              (no ring)

@: no status effects
A: fire resistance 2
a: no special abilities


You were on level 2 of the Dungeon.
You were not hungry.

You visited 1 branch of the dungeon, and saw 2 of its levels.

You collected 106 gold pieces.

Inventory:

Hand Weapons
 d - a +0 club
 k - a cursed -2 dagger (weapon)
Missiles
 o - 83 stones (quivered)
Armour
 a - a +1 robe (worn)
Scrolls
 g - 2 scrolls of enchant armour
 h - 5 scrolls of identify
Potions
 b - a potion of mutation
 e - a potion of flight
 i - a potion of haste {unknown}
 j - a potion of lignification {unknown}
 l - a potion of agility {unknown}
 m - 2 potions of curing {unknown}
Comestibles
 c - 7 rations
 f - 2 chunks of flesh


   Skills:
 - Level 2.4 Dodging
 - Level 2.4 Stealth
 + Level 5.0 Spellcasting
 + Level 2.5 Charms
 + Level 6.1 Necromancy


You had one spell level left.
You knew the following spells:

 Your Spells              Type           Power        Failure   Level  Hunger
a - Pain                  Necr           ####         1%          1    None
b - Animate Skeleton      Necr           N/A          1%          1    None
c - Vampiric Draining     Necr           ####......   3%          3    ##.....
d - Regeneration          Chrm/Necr      ###.......   7%          3    ##.....
e - Animate Dead          Necr           N/A          11%         4    ####...

Your spell library contained the following spells:

 Spells                   Type           Power        Failure   Level  Hunger


Dungeon Overview and Level Annotations

Branches:
Dungeon (2/15)

Altars:
Okawaru


Innate Abilities, Weirdness & Mutations

Your flesh is very heat resistant. (rF++)


Message History

Confirm with . or Enter, or press ? or * to list all spells.
Aiming: Pain (safe; 1% risk of failure)
Press: ? - help, Shift-Dir - straight line, f/p - leopard gecko
Aim: a leopard gecko (almost dead, clinging, chance to defeat MR: 93%)
The leopard gecko writhes in agony.
You kill the leopard gecko!
Casting: Pain (safe; 1% risk of failure)
Confirm with . or Enter, or press ? or * to list all spells.
Aiming: Pain (safe; 1% risk of failure)
Press: ? - help, Shift-Dir - straight line, f - gnoll
Aim: a gnoll (chance to defeat MR: 89%)
The gnoll writhes in agony.
The gnoll closely misses you.
Your goblin zombie hits the gnoll.
Casting: Pain (safe; 1% risk of failure)
Confirm with . or Enter, or press ? or * to list all spells.
Aiming: Pain (safe; 1% risk of failure)
Press: ? - help, Shift-Dir - straight line, f/p - gnoll
Aim: a gnoll (moderately wounded, chance to defeat MR: 89%)
The gnoll barely resists.
The gnoll hits you.
You die...

#.# ##########.#
#..........# #.##########
#.# #########>####
...........Z.#
##.....$##g############
#.###....(.##.@..........##
..........###.######......#
#.###.....###.######.###..#
## #.###..............#.#
#..##.#
#......)......###.#.#
#..#.#[#
#.#######.###..###.#.#
#...###. #)# #........#
#.##.#.# #.# #.####.###
#.##..#
....[.####.#####.##..#


You could see a gnoll and a friendly goblin zombie.

Vanquished Creatures
  An orc priest (D:2)
  Jessica (D:2)
  3 gnolls
  An adder (D:2)
  A worm (D:2)
  2 dart slugs (D:1)
  2 leopard geckos (D:2)
  4 orcs (D:2)
  A giant cockroach (D:2)
  3 goblins
  8 hobgoblins
  A kobold (D:2)
  8 bats
  3 frilled lizards (D:1)
  A rat (D:1)
40 creatures vanquished.

Vanquished Creatures (collateral kills)
  An adder (D:2)
1 creature vanquished.

Grand Total: 41 creatures vanquished

Notes
Turn   | Place    | Note
-------+----------+-------------------------------------------
     0 | D:1      | Spazmo the Deep Elf Necromancer began the quest for the
                  | Orb.
     0 | D:1      | Reached XP level 1. HP: 10/10 MP: 6/6
     8 | D:1      | Gained mutation: Your flesh is heat resistant. (rF+)
                  | [potion of mutation]
     8 | D:1      | Gained mutation: Your flesh is very heat resistant. (rF++)
                  | [potion of mutation]
    86 | D:1      | Reached skill level 5 in Necromancy
   226 | D:1      | Reached XP level 2. HP: 10/15 MP: 2/8
   229 | D:1      | Learned a level 1 spell: Animate Skeleton
   694 | D:1      | Reached XP level 3. HP: 3/19 MP: 6/10
   699 | D:1      | Learned a level 3 spell: Vampiric Draining
   703 | D:1      | Learned a level 3 spell: Regeneration
   921 | D:2      | Found an iron altar of Okawaru.
  1045 | D:2      | Reached skill level 1 in Charms
  1045 | D:2      | Reached XP level 4. HP: 15/24 MP: 3/12
  1056 | D:2      | Learned a level 4 spell: Animate Dead
  1214 | D:2      | Noticed Jessica
  1225 | D:2      | Killed Jessica
  1248 | D:2      | Reached skill level 6 in Necromancy
  1778 | D:2      | Reached skill level 5 in Spellcasting
  1803 | D:2      | HP: 1/24 [leopard gecko (2)]
  1809 | D:2      | Slain by a gnoll

Levels and vault maps discovered:
D:1:      zaba_arrival_water, layout_loops_ring
D:2:      layout_loops_ring, lemuel_round_altar, uniq_jessica

Skill      XL: |  1  2  3  4 |
---------------+-------------+-----
Necromancy     | 5 6 |  6.1
Spellcasting   | 4 5 |  5.0
Charms         | 1 2 |  2.5
Dodging        | |  2.4
Stealth        | |  2.4

Action                   |  1- 3 |  4- 6 || total
-------------------------+-------+-------++-------
Melee: Dagger            |     1 |     3 ||     4
 Cast: Pain              |    47 |    34 ||    81
       Animate Skeleton  |     8 |     4 ||    12
       Regeneration      |     2 |       ||     2
       Animate Dead      |       |     3 ||     3
  Use: Potion            |     1 |     1 ||     2
       Scroll            |     4 |       ||     4
  Eat: Chunk             |       |     3 ||     3
Armor: Robe              |     2 |       ||     2
Dodge: Dodged            |     5 |    13 ||    18

Table legend:
 A = Non-vault XP
 B = Vault XP
 C = Vault XP percentage of total XP
 D = Non-vault monster count
 E = Vault monster count
 F = Vault count percentage of total count
                 A         B        C        D         E       F
            +---------+---------+-------+---------+---------+-------
      Total |     168 |      25 |  13.0 |      40 |       1 |   2.4
            +---------+---------+-------+---------+---------+-------
        D:1 |      45 |       0 |   0.0 |      17 |       0 |   0.0
        D:2 |     123 |      25 |  16.9 |      23 |       1 |   4.2
            +---------+---------+-------+---------+---------+-------
